AoeStats
← schmeno

Arabia

509185517Analyzed
1v1 RM · 7d ago on Sep 25, 2026· 36m 9s· 2 players
Game mode
Random Map
Map size
Tiny (2 player)
Population
200
Speed
Normal
Resources
Standard
Victory
Conquest
Starting age
Dark Age
Ending age
Imperial Age
RankedLock teamsTeams togetherTeam positionsShared explorationLock speedFull tech treeHidden civsTurbo modeCheats
Victory
Defeat
🇬🇹 Celts · Guatemala
1156
+16
🇺🇸 Saxons · United States
1146
-16
schmeno
6:56 Loom
9:25 Feudal Age
9:55 Double-Bit Axe
19:59 Castle Age
18:10 Horse Collar
19:14 Fletching
20:08 Padded Archer Armor
20:02 Crossbowman
20:48 Bodkin Arrow
21:19 Bow Saw
30:10 Thumb Ring
JJ
8:10 Loom
10:15 Feudal Age
11:10 Town Watch
12:14 Double-Bit Axe
13:49 Horse Collar
19:56 Castle Age
17:55 Stone Mining
18:13 Scale Mail Armor
19:03 Forging
20:09 Gold Mining
21:02 Wheelbarrow
20:19 Arson
21:01 Chain Mail Armor
23:53 Iron Casting
24:02 Gold Shaft Mining
23:48 Bow Saw
31:00 Hand Cart
38:43 Imperial Age
36:14 Town Patrol
Connection lost

Rejoining the realm…

Still unreachable

The connection could not be restored.

Session expired

The server has moved on; the page needs a fresh start.